Map: Abyssal Reef LE

Players

BackupC (Dolan)

  • Race: Terran Terran
  • Spawn Location: 5:00

Mackintac - Winner!

  • Race: Zerg Zerg
  • Spawn Location: 11:00

Event: WCS Montreal 2017

VOD

Have the link to the VOD?

Description

Time

  • Played on: Sept. 8, 2017, 12:09 p.m.
  • Length: 17:41

All games in this series

Show
View Real Time Build Order
Export as new Build Order

BackupC Terran 

Build Orders: Gas First Reaper Expand, Reaper Expand, Hellion Banshee, Mech 

Get SALT Encoding   

  12  0:00  SCV  
  13  0:12  SCV  
  14  0:17  Supply Depot  
  14  0:25  SCV  
  15  0:29  Refinery  
  15  0:38  SCV  
  16  0:45  Barracks  
  16  0:50  SCV  
  17  1:02  SCV  
  18  1:14  SCV  
  19  1:32  Orbital Command, Reaper  
  20  1:45  Command Center  
  20  1:57  SCV  
  20  2:00  Factory  
  21  2:06  Barracks Reactor  
  21  2:09  SCV  
  21  2:13  Supply Depot  
  22  2:18  Refinery  
  22  2:22  SCV  
  23  2:34  SCV  
  24  2:46  Starport  
  24  2:47  SCV  
  25  2:57  Hellion x2, Barracks Tech Lab  
  25  2:58  Orbital Command  
  29  3:02  SCV  
  30  3:14  SCV  
  31  3:25  SCV  
  31  3:26  SCV  
  33  3:30  Banshee, Cloaking Field  
  33  3:33  Hellion x2  
  40  3:41  SCV x2  
  42  3:44  Supply Depot  
  42  3:53  SCV x2  
  42  3:55  Hellion  
  46  4:06  SCV x2, Hellion  
  46  4:07  Supply Depot  
  50  4:13  Banshee  
  53  4:18  SCV  
  54  4:25  SCV  
  54  4:29  Hellion x2  
  50  4:38  SCV x2  
  50  4:43  Supply Depot  
  52  4:47  Command Center  
  52  4:52  Hellion x2  
  53  4:54  SCV x2  
  53  4:56  Banshee  
  53  4:58  Refinery  
  53  4:59  Refinery  
  58  5:06  SCV x2  
  60  5:09  Barracks Tech Lab  
  60  5:11  Factory  
  60  5:13  Factory  
  60  5:18  SCV x2  
  62  5:27  Hellion x2  
  66  5:30  SCV x2  
  66  5:32  Armory  
  68  5:42  Barracks Tech Lab  
  66  5:53  Hellion x2  
  66  5:56  Hyperflight Rotors  
  70  5:57  Banshee  
  70  6:02  SCV  
  70  6:03  Orbital Command, SCV  
  72  6:08  Supply Depot  
  72  6:14  Hellion x2  
  76  6:22  Thor  
  82  6:25  SCV  
  82  6:26  SCV  
  82  6:27  Supply Depot  
  82  6:29  Thor  
  82  6:31  Terran Vehicle Weapons Level 1  
  91  6:38  Orbital Command, SCV  
  81  6:55  Hellion x2  
  81  6:56  Banshee  
  81  6:57  Factory  
  81  7:00  Factory  
  86  7:04  SCV x3  
  83  7:10  Supply Depot  
  83  7:12  Engineering Bay  
  83  7:16  SCV x3  
  83  7:21  Hellion x2  
  90  7:23  Refinery, Infernal Pre-Igniter  
  90  7:24  Refinery  
  90  7:29  SCV  
  92  7:30  SCV  
  91  7:39  Banshee  
  91  7:40  SCV  
  91  7:41  SCV  
  91  7:42  SCV  
  94  7:46  Siege Tank x2  
  94  7:50  Factory Reactor  
  94  7:51  Factory Reactor  
  99  7:54  SCV x3  
  102  8:02  Hellion x2  
  106  8:09  Supply Depot  
  103  8:22  Siege Tank x2  
  109  8:31  Supply Depot, SCV x3  
  109  8:32  Supply Depot  
  109  8:33  Command Center  
  116  8:36  Sensor Tower  
  116  8:43  Hellion x2  
  116  8:51  Factory Tech Lab  
  116  8:53  Hellion  
  118  8:59  Siege Tank x2  
  118  9:00  Hellion  
  108  9:03  Banshee  
  108  9:05  Hellion  
  113  9:11  Siege Tank  
  113  9:14  SCV x2, Hellion  
  113  9:15  SCV  
  121  9:21  Hellion  
  123  9:28  Hellion x2  
  123  9:31  Thor  
  133  9:33  Terran Vehicle Weapons Level 2  
  133  9:37  Supply Depot  
  133  9:38  Refinery  
  133  9:39  Refinery  
  133  9:43  Supply Depot x2, Siege Tank  
  133  9:44  Siege Tank, Hellion x2, Planetary Fortress  
  143  9:46  Banshee  
  143  9:52  SCV x3  
  149  9:58  Supply Depot  
  149  9:59  Missile Turret  
  149  10:00  Supply Depot  
  149  10:01  Supply Depot  
  149  10:02  Hellion x2  
  149  10:03  Missile Turret  
  149  10:04  SCV  
  154  10:11  Hellion x2  
  154  10:14  Siege Tank  
  161  10:15  Thor  
  167  10:34  SCV x2  
  167  10:35  SCV x2  
  165  10:43  Thor  
  165  10:45  Hellion x3  
  165  10:46  SCV x2, Hellion, Thor  
  165  10:47  SCV  
  188  10:58  Command Center  
  186  11:12  Hellion  
  186  11:14  Hellion  
  186  11:15  Hellion  
  186  11:16  Hellion  
  186  11:17  Siege Tank  
  160  11:26  Thor  
  160  11:30  Banshee  
  160  11:31  Siege Tank  
  171  11:47  Hellion x4  
  171  11:49  Terran Vehicle And Ship Armor Level 1  
  175  11:59  Thor  
  168  12:03  Thor  
  147  12:09  Siege Tank  
  147  12:11  Hellion x4  
  109  12:33  Hellion x4  
  109  12:36  Planetary Fortress  
  111  12:39  Banshee  
  111  12:41  Siege Tank  
  111  12:42  Siege Tank  
  120  12:46  Siege Tank  
  120  12:50  Factory  
  123  12:51  Factory  
  123  12:54  Hellion  
  125  13:03  Refinery  
  125  13:05  Refinery  
  123  13:08  Hellion x3  
  129  13:13  Thor  
  135  13:22  Banshee  
  135  13:24  Hellion x3  
  144  13:29  Hellion  
  140  13:43  Terran Vehicle Weapons Level 3  
  140  13:44  Thor  
  140  13:45  Siege Tank  
  140  13:46  Factory Tech Lab, Factory Reactor  
  141  13:54  Hellion x4  
  149  13:56  Siege Tank  
  152  14:05  Siege Tank  
  155  14:13  Liberator x2  
  155  14:15  Hellion  
  149  14:27  Hellion x2  
  159  14:35  Siege Tank, Thor x2  
  159  14:36  Hellion x2  
  159  14:38  Siege Tank  
  181  14:42  Hellion x2  
  185  14:49  Hellion x2  
  189  15:01  Command Center  
  189  15:13  Viking x2  
  193  15:23  Thor x2  
  195  15:51  Command Center  
  195  15:56  Hellion  
  187  15:57  Hellion  
  187  16:08  Hellion x2  
  187  16:26  Hellion  
  187  16:27  Siege Tank  
  187  16:29  Thor  
  187  16:32  Thor  
  187  16:38  Hellion x4  
  187  16:39  Siege Tank  
  103  16:59  Siege Tank  
  104  17:05  Hellion x5  
  92  17:17  Hellion  
  92  17:18  Hellion  
Show
View Real Time Build Order
Export as new Build Order

Mackintac Zerg - Winner!

Build Orders: Hatch First 

Get SALT Encoding   

  12  0:00  Drone  
  13  0:12  Overlord  
  13  0:17  Drone  
  14  0:31  Drone  
  14  0:32  Drone  
  16  0:40  Drone  
  17  0:52  Hatchery  
  17  0:55  Drone  
  17  0:59  Extractor  
  17  1:01  Drone  
  17  1:18  Spawning Pool, Drone  
  17  1:21  Drone  
  18  1:28  Drone  
  19  1:42  Overlord  
  19  2:04  Queen x2, Metabolic Boost  
  19  2:06  Zergling x2  
  19  2:07  Zergling x2  
  25  2:10  Drone  
  25  2:14  Drone  
  27  2:20  Drone  
  29  2:22  Drone  
  29  2:29  Drone  
  30  2:37  Drone x2  
  32  2:45  Queen x2  
  36  2:54  Overlord  
  36  3:12  Drone x2  
  38  3:13  Drone x6  
  44  3:25  Overlord  
  44  3:33  Hatchery  
  43  3:39  Lair  
  43  3:42  Queen  
  43  3:44  Drone  
  43  3:45  Drone  
  43  3:47  Extractor  
  46  3:58  Drone x3  
  46  3:59  Drone  
  46  4:00  Drone  
  51  4:09  Baneling Nest  
  50  4:14  Drone x2  
  50  4:15  Evolution Chamber  
  51  4:17  Evolution Chamber  
  51  4:18  Queen  
  52  4:24  Spore Crawler  
  43  4:39  Drone x7  
  43  4:40  Drone x2  
  43  4:42  Overlord  
  52  4:50  Overseer  
  52  4:54  Zerg Melee Weapons Level 1  
  52  4:58  Zerg Ground Armor Level 1  
  52  4:59  Queen, Overlord  
  52  5:01  Drone x2  
  56  5:07  Drone x3  
  56  5:11  Spore Crawler  
  58  5:15  Spore Crawler, Drone  
  58  5:16  Drone  
  58  5:17  Drone  
  58  5:19  Drone  
  61  5:32  Drone x4  
  61  5:33  Drone  
  61  5:34  Drone x2  
  61  5:35  Centrifical Hooks  
  68  5:39  Overseer  
  61  5:51  Spore Crawler  
  56  6:00  Queen x3  
  56  6:01  Drone x5  
  67  6:05  Extractor  
  66  6:12  Hydralisk Den  
  65  6:19  Zergling x8  
  65  6:20  Zergling x2  
  65  6:23  Drone x4  
  65  6:25  Extractor  
  73  6:29  Drone  
  74  6:33  Overlord  
  74  6:46  Hatchery, Muscular Augments  
  72  6:49  Spore Crawler  
  68  7:03  Zerg Ground Armor Level 2  
  68  7:04  Zerg Missile Weapons Level 1  
  67  7:14  Overlord  
  67  7:16  Hydralisk x3  
  67  7:19  Drone x2  
  67  7:20  Drone x5  
  67  7:21  Drone  
  77  7:44  Drone x13  
  77  7:46  Extractor  
  77  7:47  Extractor  
  87  8:02  Queen  
  89  8:08  Overlord  
  89  8:09  Drone x2, Hydralisk x2  
  95  8:13  Overlord  
  93  8:20  Overlord x3  
  93  8:21  Overlord  
  93  8:30  Infestation Pit  
  92  8:40  Drone x16  
  108  8:41  Overlord  
  108  8:55  Extractor  
  105  9:10  Extractor  
  105  9:12  Hive  
  105  9:17  Drone x2  
  106  9:20  Zerg Missile Weapons Level 2  
  106  9:21  Zerg Melee Weapons Level 2  
  107  9:24  Zergling x16  
  107  9:28  Zergling x2  
  107  9:29  Zergling x6  
  107  9:30  Hydralisk  
  107  9:31  Hydralisk x6  
  120  9:32  Hydralisk x2  
  136  9:39  Drone x3  
  136  9:40  Overlord x2, Drone  
  136  9:41  Overlord, Hydralisk x3  
  146  9:55  Baneling x4  
  146  10:01  Baneling x4  
  146  10:02  Baneling x4  
  146  10:16  Overlord  
  146  10:18  Baneling  
  146  10:21  Hydralisk  
  146  10:22  Hydralisk x13  
  146  10:24  Hatchery  
  146  10:25  Overlord x2  
  146  10:26  Extractor  
  146  10:28  Extractor  
  160  10:38  Viper x4  
  171  10:49  Overlord  
  171  10:50  Overseer x3  
  123  11:27  Hydralisk x10  
  123  11:28  Hydralisk x12  
  123  11:30  Hydralisk  
  123  11:32  Zergling x10  
  165  11:40  Hydralisk x4  
  173  11:47  Zergling x6  
  161  12:13  Zergling x18  
  161  12:14  Zergling x6  
  171  12:19  Viper x3  
  171  12:20  Viper  
  162  12:34  Overseer  
  162  12:35  Overseer x2  
  162  12:36  Hydralisk x6  
  168  12:52  Queen, Hatchery  
  168  12:55  Extractor  
  168  12:57  Extractor  
  167  12:59  Zerg Missile Weapons Level 3  
  167  13:00  Zerg Ground Armor Level 3  
  159  13:06  Zergling x24  
  171  13:19  Hydralisk  
  171  13:20  Hydralisk  
  171  13:22  Overlord x3  
  163  13:47  Drone x2  
  163  13:48  Drone  
  162  13:55  Hydralisk x2  
  162  13:56  Hydralisk x7  
  162  13:57  Zergling x2  
  162  13:58  Zergling x10  
  186  14:10  Zergling x2  
  186  14:11  Zergling x14  
  194  14:22  Adrenal Glands  
  189  14:36  Pneumatized Carapace  
  188  14:39  Overseer x2  
  188  14:40  Overseer  
  188  14:43  Baneling x2  
  188  14:44  Baneling  
  188  14:53  Hydralisk x4  
  188  14:54  Zergling x8  
  200  15:00  Baneling x8  
  200  15:01  Baneling x4  
  184  15:41  Zergling x18, Hydralisk x3  
  184  15:42  Zergling x6, Hydralisk x2  
  190  15:52  Hydralisk Den  
  190  15:53  Spore Crawler x2  
  169  16:01  Zergling x26  
  169  16:02  Zergling x14  
  185  16:22  Hydralisk x2  
  130  16:44  Zergling x2  
  130  16:45  Zergling x14, Hydralisk x8  
  130  16:46  Zergling x8  
  128  17:11  Zergling x16  
  128  17:12  Zergling x8  
Tags
 
Add a new tag
Caveats
  • Supply blocks, unpowered buildings, or Contaminate may cause inaccurate times.
  • Supply counts are checked every 10 seconds.